 Dungeon Sprint DCSS version 0.17-a0-1663-gb806841 (webtiles) character file.

59641 Kidiri the Hoplite (level 14, -42/138 HPs)
             Began as a Minotaur Fighter on Aug 16, 2015.
             Was a High Priest of Okawaru.
             Killed from afar by an orb of fire (47 damage)
             ... with a fireball
             ... while paralysed by a giant eyeball
             ... in the Dungeon (Sprint VII: "The Pits").
             The game lasted 00:24:05 (4378 turns).

Kidiri the Hoplite (Minotaur Fighter)               Turns: 4378, Time: 00:24:05

Health: -42/138    AC: 37    Str: 24      XL:     14   Next: 53%
Magic:  21/23      EV:  2    Int: 10 (14) God:    Okawaru [*****.]
Gold:   36         SH:  0    Dex: 15      Spells: 0 memorised, 13 levels left

rFire  + . .     SeeInvis +     y - +6 morningstar (crush)
rCold  + . .     Clarity  .     A - +2 gold dragon armour
rNeg   . . .     SustAt   .     F - +5 large shield "Eroovi" {Int+9}
rPois  +         Gourm    .     (helmet restricted)
rElec  .         Spirit   .     a - +2 cloak
rCorr  .         Warding  .     s - +2 pair of gloves {Dex+3}
rMut   .         NoTele   +     b - +1 pair of boots
MR     +....                    (no amulet)
Stlth  ..........               c - ring of see invisible
                                u - +3 ring of protection

@: paralysed, heroism, finesse, somewhat resistant to hostile enchantments,
extremely unstealthy
A: retaliatory headbutt, horns 2, deformed body
a: Heroism, Finesse, Renounce Religion


You were in the Dungeon.
You worshipped Okawaru.
Okawaru was extremely pleased with you.
You were not hungry.

You visited 1 branch You collected 36 gold pieces.

Inventory:

Hand weapons
 y - a +6 morningstar of crushing (weapon)
Armour
 a - a +2 cloak (worn)
 b - a +1 pair of boots (worn)
 s - a +2 pair of gloves of dexterity (worn)
 A - a +2 gold dragon armour (worn)
 F - the +5 large shield "Eroovi" (worn) {Int+9}
   (Okawaru gifted it to you in the Dungeon)

   It affects your intelligence (+9).
Jewellery
 c - a ring of see invisible (right hand)
 u - a +3 ring of protection (left hand)
 v - a +3 ring of evasion
 D - an uncursed ring of protection from magic
Magical devices
 z - a wand of draining (5)
Scrolls
 k - 3 scrolls of blinking
 o - 5 scrolls of remove curse
 p - 5 scrolls of amnesia
 q - a scroll of summoning
 C - a scroll of identify
Potions
 d - 2 potions of might
 f - 10 potions of curing
 g - 5 potions of heal wounds
 h - a potion of haste
 i - 4 potions of magic
 j - 5 potions of berserk rage
 n - 2 potions of invisibility
 w - 2 potions of cure mutation
 x - 3 potions of agility
Comestibles
 e - 6 bread rations
 l - 40 fruits
 m - 12 meat rations
 r - 4 chunks of flesh
 E - 6 royal jellies


   Skills:
 + Level 16.6(21.6) Fighting
 * Level 21.8(26.8) Maces & Flails
 * Level 21.8(26.8) Armour
 + Level 15.1(20.1) Dodging
 * Level 21.9(26.9) Shields
 + Level 13.8 Invocations


You had 13 spell levels left.
You didn't know any spells.

Dungeon Overview and Level Annotations

Branches:
Dungeon (1/1)

Altars:
Ashenzari
Cheibriados
Dithmenos
Elyvilon
Fedhas
Gozag
Kikubaaqudgha
Makhleb
Nemelex Xobeh
Okawaru
Qazlal
Ru
Sif Muna
Trog
Vehumet
Xom
Yredelemnul
Zin
The Shining One
Beogh
Jiyva
Lugonu


Innate Abilities, Weirdness & Mutations

You reflexively headbutt those who attack you in melee.
You have a pair of horns on your head.
Armour fits poorly on your strangely shaped body.


Message History

Soisaola gestures.
The spriggan air mage waves its arms in wide circles.
The air twists around and strikes you!
Unknown command.
You closely miss the orb of fire.
The orb of fire is severely damaged.
The orb of fire glows yellow.
The bolt of fire hits you! The giant eyeball gazes at you.
You suddenly lose the ability to move!
The neqoxec gestures at you.
You feel dopey. Something feeds on your intellect!
The orb of fire glows yellow.
The fireball explodes!
The fireball engulfs you! You resist.
* * * LOW HITPOINT WARNING * * *
The fireball engulfs the orb of fire.
The orb of fire completely resists.
The orb of fire glows deep purple.
The fireball explodes!
The fireball engulfs you! You resist.
You die... #+# ##5## &i3 1pG

#2#
#*#
#@#
#'#
#.#
#'#
#)#
#'#
#.#
#'#
#.#


You could see Soisaola, an orb of fire, a Brimstone Fiend, a vault guard, a
blizzard demon, a spriggan air mage, a neqoxec, a giant eyeball and a quasit.

Vanquished Creatures
  An orb of fire (D)
  A Brimstone Fiend (D)
  A tentacled monstrosity (D)
  A shadow dragon (D)
  2 storm dragons (D)
  A daeva (D)
  2 fire giants (D)
  A greater naga (D)
  A ghost moth (D)
  2 orc warlords (D)
  Louise (D)
  An angel (D)
  A green death (D)
  A vault guard (D)
  2 yaktaur captains (D)
  3 naga warriors (D)
  A hydra (D)
  An alligator (D)
  An alligator snapping turtle (D)
  A death knight (D)
  A dancing weapon (D)
  A death yak (D)
  4 deep elf knights (D)
  An ice devil (D)
  2 flayed ghosts (D)
  2 deep trolls (D)
  A phantasmal warrior (D)
  A wizard (D)
  11 orc knights (D)
  A sixfirhy (D)
  A manticore (D)
  An orc sorcerer (D)
  2 hornets (D)
  An elephant (D)
  2 cyclopes (D)
  A black mamba (D)
  Joseph (D)
  A spiny frog (D)
  2 kobold demonologists (D)
  4 efreet (D)
  A demonic crawler (D)
  5 yaktaurs (D)
  A deep elf priest (D)
  A giant leech (D)
  A wandering mushroom (D)
  2 freezing wraiths (D)
  A troll (D)
  3 two-headed ogres (D)
  An air elemental (D)
  A snapping turtle (shapeshifter) (D)
  2 spriggans (D)
  A flying skull (D)
  A fire elemental (D)
  2 yaks (D)
  A vampire (D)
  Eustachio (D)
  3 deep elf fighters (D)
  A small abomination (D)
  2 chaos spawn (D)
  4 wolves (D)
  A basilisk (D)
  Menkaure (D)
  4 vampire mosquitoes (D)
  2 hell hounds (D)
  A sky beast (D)
  3 wasps (D)
  A porcupine (D)
  A black bear (D)
  6 orc warriors (D)
  2 ogres (D)
  A swamp drake (D)
  3 brain worms (D)
  A giant frog (D)
  2 big kobolds (D)
  An earth elemental (D)
  8 killer bees (D)
  3 wights (D)
  An orc priest (D)
  Jessica (D)
  A quasit (D)
  A mummy (D)
  A gnoll (D)
  2 oozes (D)
  A worm (D)
  11 orcs (D)
  3 ball pythons (D)
  2 giant cockroaches (D)
  A goblin (D)
  3 kobolds (D)
  A quokka (D)
  A bat (D)
  A giant cockroach simulacrum (D)
  2 giant gecko skeletons (D)
176 creatures vanquished.

Notes
Turn   | Place    | Note
--------------------------------------------------------------
     0 | D        | Kidiri the Minotaur Fighter began the quest for the Orb.
     0 | D        | Reached XP level 1. HP: 19/19 MP: 0/0
    12 | D        | Noticed a brain worm
    15 | D        | Killed a brain worm
    15 | D        | Reached skill level 4 in Fighting
    15 | D        | Reached skill level 5 in Maces & Flails
    15 | D        | Reached skill level 6 in Armour
    15 | D        | Reached skill level 5 in Shields
    15 | D        | Reached XP level 2. HP: 20/28 MP: 1/1
    15 | D        | Reached XP level 3. HP: 25/35 MP: 2/2
    15 | D        | Reached XP level 4. HP: 29/41 MP: 3/3
    27 | D        | Found a sacrificial altar of Ru.
    27 | D        | Found a basalt altar of Yredelemnul.
    27 | D        | Found a shadowy altar of Dithmenos.
    27 | D        | Found a deep blue altar of Sif Muna.
    27 | D        | Found a burning altar of Makhleb.
    27 | D        | Found a shimmering altar of Xom.
    27 | D        | Found an ancient bone altar of Kikubaaqudgha.
    27 | D        | Found a sparkling altar of Nemelex Xobeh.
    28 | D        | Found a glowing golden altar of the Shining One.
    28 | D        | Found a bloodstained altar of Trog.
    28 | D        | Found a shattered altar of Ashenzari.
    28 | D        | Found a white marble altar of Elyvilon.
    28 | D        | Found a snail-covered altar of Cheibriados.
    28 | D        | Found a blossoming altar of Fedhas.
    28 | D        | Found a radiant altar of Vehumet.
    28 | D        | Found a glowing silver altar of Zin.
    28 | D        | Found a corrupted altar of Lugonu.
    28 | D        | Found a viscous altar of Jiyva.
    28 | D        | Found a roughly hewn altar of Beogh.
    28 | D        | Found an iron altar of Okawaru.
    34 | D        | Found a stormy altar of Qazlal.
    35 | D        | Found an opulent altar of Gozag.
    37 | D        | Became a worshipper of Warmaster Okawaru
   115 | D        | Reached skill level 5 in Fighting
   128 | D        | Noticed a brain worm
   135 | D        | Killed a brain worm
   135 | D        | Reached skill level 1 in Invocations
   135 | D        | Reached XP level 5. HP: 48/48 MP: 3/5
   140 | D        | Reached skill level 7 in Armour
   158 | D        | Noticed a brain worm
   159 | D        | Noticed a porcupine
   165 | D        | Killed a brain worm
   165 | D        | Acquired Okawaru's first power
   175 | D        | Killed a porcupine
   175 | D        | Reached skill level 8 in Armour
   175 | D        | Reached XP level 6. HP: 11/58 MP: 5/7
   489 | D        | Noticed a sky beast
   489 | D        | Noticed a giant frog
   489 | D        | Noticed a wight
   490 | D        | Noticed a wight
   494 | D        | Noticed a wight
   496 | D        | Killed a giant frog
   517 | D        | Killed a sky beast
   517 | D        | Reached skill level 9 in Armour
   517 | D        | Reached skill level 5 in Dodging
   530 | D        | Killed a wight
   530 | D        | Reached XP level 7. HP: 59/66 MP: 7/9
   531 | D        | Killed a wight
   536 | D        | Killed a wight
   543 | D        | Gained mutation: You have large cloven feet. [mutagenic meat]
   564 | D        | Noticed a flying skull
   579 | D        | Killed a flying skull
   579 | D        | Reached skill level 10 in Armour
   579 | D        | Reached skill level 10 in Shields
   615 | D        | Noticed a wizard
   633 | D        | Killed a wizard
   633 | D        | Reached skill level 10 in Maces & Flails
   633 | D        | Reached skill level 5 in Invocations
   633 | D        | Reached XP level 8. HP: 38/74 MP: 8/10
   822 | D        | Noticed Menkaure
   822 | D        | Noticed an orc warrior
   822 | D        | Noticed an orc priest
   828 | D        | Killed an orc warrior
   828 | D        | Reached skill level 11 in Armour
   831 | D        | Killed an orc priest
   836 | D        | Killed Menkaure
  1094 | D        | Noticed an ogre
  1094 | D        | Noticed Eustachio
  1095 | D        | Noticed a vampire
  1111 | D        | Killed a vampire
  1118 | D        | Killed an ogre
  1126 | D        | Killed Eustachio
  1346 | D        | Noticed a six-headed hydra
  1346 | D        | Noticed a demonic crawler
  1363 | D        | Killed a demonic crawler
  1363 | D        | Reached skill level 12 in Armour
  1363 | D        | Reached XP level 9. HP: 81/83 MP: 12/12
  1374 | D        | Killed a six-headed hydra
  1433 | D        | Noticed Jessica
  1433 | D        | Noticed a deep troll
  1434 | D        | Noticed a cyclops
  1434 | D        | Noticed a manticore
  1440 | D        | Killed a manticore
  1445 | D        | Killed a deep troll
  1445 | D        | Acquired Okawaru's second power
  1445 | D        | Reached skill level 10 in Fighting
  1445 | D        | Reached skill level 13 in Maces & Flails
  1449 | D        | Killed a cyclops
  1449 | D        | Reached XP level 10. HP: 74/93 MP: 14/14
  1451 | D        | Killed Jessica
  1470 | D        | Noticed a wolf
  1470 | D        | Noticed a wolf
  1471 | D        | Noticed a wolf
  1473 | D        | Killed a wolf
  1476 | D        | Noticed a freezing wraith
  1477 | D        | Noticed a vampire mosquito
  1478 | D        | Noticed a vampire mosquito
  1478 | D        | Noticed a wolf
  1478 | D        | Killed a wolf
  1482 | D        | Killed a wolf
  1483 | D        | Noticed a vampire mosquito
  1485 | D        | Noticed a vampire mosquito
  1486 | D        | Killed a vampire mosquito
  1489 | D        | Killed a wolf
  1490 | D        | Killed a vampire mosquito
  1494 | D        | Killed a vampire mosquito
  1504 | D        | Killed a freezing wraith
  1504 | D        | Received a gift from Okawaru
  1504 | D        | Reached skill level 14 in Shields
  1505 | D        | Noticed an ogre
  1505 | D        | Killed a vampire mosquito
  1506 | D        | Noticed a basilisk
  1511 | D        | Killed an ogre
  1515 | D        | Killed a basilisk
  1521 | D        | Noticed a killer bee
  1531 | D        | Killed a killer bee
  1532 | D        | Noticed a killer bee
  1533 | D        | Noticed a killer bee
  1535 | D        | Noticed a killer bee
  1537 | D        | Killed a killer bee
  1541 | D        | Killed a killer bee
  1543 | D        | Killed a killer bee
  1572 | D        | Noticed a flayed ghost
  1580 | D        | Killed a flayed ghost
  1581 | D        | Noticed a cyclops
  1581 | D        | Noticed a phantasmal warrior
  1581 | D        | Noticed a deep elf fighter
  1582 | D        | Noticed a wasp
  1582 | D        | Noticed a quasit
  1583 | D        | Noticed a small abomination
  1587 | D        | Noticed a freezing wraith
  1587 | D        | Killed a phantasmal warrior
  1588 | D        | Killed a wasp
  1589 | D        | Killed a quasit
  1591 | D        | Noticed an elephant
  1591 | D        | Noticed a deep elf fighter
  1592 | D        | Noticed a black mamba
  1593 | D        | Noticed an efreet
  1593 | D        | Noticed an ice devil
  1594 | D        | Noticed a black bear
  1594 | D        | Noticed an earth elemental
  1604 | D        | Noticed an efreet
  1604 | D        | Killed a cyclops
  1609 | D        | Killed a freezing wraith
  1613 | D        | Killed a deep elf fighter
  1619 | D        | Killed a black mamba
  1619 | D        | Reached skill level 10 in Dodging
  1630 | D        | Killed an ice devil
  1630 | D        | Reached skill level 15 in Armour
  1630 | D        | Reached skill level 15 in Shields
  1630 | D        | Reached XP level 11. HP: 74/102 MP: 13/16
  1632 | D        | Killed a black bear
  1635 | D        | Killed an elephant
  1635 | D        | Reached skill level 15 in Maces & Flails
  1638 | D        | Killed a small abomination
  1643 | D        | Killed an efreet
  1652 | D        | Killed an efreet
  1661 | D        | Killed an earth elemental
  1666 | D        | Killed a deep elf fighter
  1682 | D        | Noticed a two-headed ogre
  1683 | D        | Noticed a storm dragon
  1683 | D        | Noticed a death knight
  1714 | D        | Killed a storm dragon
  1723 | D        | Killed a death knight
  1723 | D        | Received a gift from Okawaru
  1725 | D        | Killed a two-headed ogre
  1725 | D        | Reached skill level 16 in Shields
  2005 | D        | Noticed an efreet
  2006 | D        | Noticed Joseph
  2010 | D        | Killed an efreet
  2012 | D        | Killed Joseph
  2018 | D        | Noticed a big kobold
  2018 | D        | Noticed a kobold demonologist
  2021 | D        | Noticed a spriggan rider
  2021 | D        | Noticed a big kobold
  2026 | D        | Noticed a kobold demonologist
  2026 | D        | Killed a kobold demonologist
  2028 | D        | Killed a wasp
  2030 | D        | Killed a spriggan
  2031 | D        | Noticed a deep elf fighter
  2035 | D        | Killed a kobold demonologist
  2038 | D        | Killed a big kobold
  2040 | D        | Killed a big kobold
  2047 | D        | Killed a deep elf fighter
  2050 | D        | Noticed a giant leech
  2073 | D        | Killed a giant leech
  2088 | D        | Noticed a hornet
  2093 | D        | Killed a hornet
  2106 | D        | Noticed an orc warrior
  2107 | D        | Noticed an orc knight
  2108 | D        | Noticed an orc warrior
  2108 | D        | Noticed an orc warrior
  2109 | D        | Noticed a two-headed ogre
  2115 | D        | Killed an orc warrior
  2124 | D        | Killed an orc warrior
  2130 | D        | Killed an orc knight
  2135 | D        | Killed a two-headed ogre
  2135 | D        | Reached skill level 10 in Invocations
  2140 | D        | Killed an orc warrior
  2289 | D        | Noticed a spiny frog
  2289 | D        | Noticed a chaos spawn
  2289 | D        | Noticed a death yak
  2295 | D        | Killed a spiny frog
  2297 | D        | Killed a chaos spawn
  2300 | D        | Killed a death yak
  2436 | D        | Noticed an alligator snapping turtle
  2436 | D        | Noticed an efreet
  2436 | D        | Noticed a yak
  2436 | D        | Noticed a yak
  2436 | D        | Noticed an orc knight
  2439 | D        | Killed a yak
  2441 | D        | Noticed a spriggan rider
  2443 | D        | Killed a yak
  2443 | D        | Reached XP level 12. HP: 99/113 MP: 10/18
  2446 | D        | Killed an efreet
  2447 | D        | Noticed a hornet
  2447 | D        | Noticed a yaktaur
  2450 | D        | Killed a hornet
  2450 | D        | Reached skill level 17 in Armour
  2451 | D        | Noticed a daeva
  2474 | D        | Killed a yaktaur
  2475 | D        | Noticed a flayed ghost
  2486 | D        | Killed a daeva
  2488 | D        | Noticed a two-headed ogre
  2489 | D        | Killed a two-headed ogre
  2493 | D        | Noticed an orc warrior
  2496 | D        | Killed a spriggan rider
  2496 | D        | Killed a wasp
  2513 | D        | Killed an alligator snapping turtle
  2517 | D        | Noticed a troll
  2520 | D        | Killed a troll
  2520 | D        | Received a gift from Okawaru
  2528 | D        | Killed an orc knight
  2531 | D        | Noticed an orc sorcerer
  2539 | D        | Killed an orc sorcerer
  2541 | D        | Noticed a wandering mushroom
  2544 | D        | Noticed a killer bee
  2544 | D        | Killed a flayed ghost
  2545 | D        | Killed a killer bee
  2546 | D        | Killed an orc warrior
  2547 | D        | Noticed a killer bee
  2548 | D        | Noticed a killer bee
  2550 | D        | Killed a killer bee
  2551 | D        | Killed a killer bee
  2553 | D        | Killed a wandering mushroom
  2554 | D        | Noticed a sixfirhy
  2556 | D        | Noticed a killer bee
  2556 | D        | Noticed a fire giant
  2559 | D        | Noticed an orc knight
  2559 | D        | Killed a killer bee
  2566 | D        | Killed a fire giant
  2566 | D        | Reached skill level 18 in Maces & Flails
  2569 | D        | Killed a sixfirhy
  2575 | D        | Killed a ghost moth
  2576 | D        | Noticed an orc warrior
  2587 | D        | Killed an orc knight
  2588 | D        | Killed an orc warrior
  2663 | D        | Got a pitted large shield {god gift}
  2674 | D        | Identified the +5 large shield "Eroovi" {Int+9} (Okawaru gifted it to you in the Dungeon)
  2677 | D        | Gained mutation: Your spells are a little harder to cast, but a little more powerful. [mutagenic meat]
  2678 | D        | Lost mutation: You have large cloven feet. [mutagenic meat]
  2679 | D        | Gained mutation: You are weak. (Str -2) [mutagenic meat]
  2680 | D        | Gained mutation: You are dopey. (Int -2) [mutagenic meat]
  2681 | D        | Gained mutation: You have a somewhat thin skeletal structure (Dex +2, Stealth). [mutagenic meat]
  2856 | D        | Noticed an air elemental
  2856 | D        | Noticed an alligator
  2856 | D        | Noticed an angel
  2856 | D        | Noticed a fire giant
  2856 | D        | Noticed a greater naga
  2856 | D        | Noticed a fire elemental
  2856 | D        | Noticed a hell hound
  2856 | D        | Noticed a hell hound
  2862 | D        | Killed an alligator
  2874 | D        | Identified a +8 rod of the swarm (9/14)
  2876 | D        | Killed an angel
  2884 | D        | Killed a fire giant
  2884 | D        | Reached XP level 13. HP: 43/124 MP: 14/20
  2889 | D        | Killed an air elemental
  2891 | D        | Killed a fire elemental
  2901 | D        | Killed a greater naga
  2901 | D        | Reached skill level 19 in Armour
  2903 | D        | Killed a hell hound
  2906 | D        | Killed a hell hound
  2955 | D        | Lost mutation: You are weak. (Str -2) [potion of cure mutation]
  2955 | D        | Lost mutation: Your spells are a little harder to cast, but a little more powerful. [potion of cure mutation]
  2955 | D        | Lost mutation: You are dopey. (Int -2) [potion of cure mutation]
  2955 | D        | Lost mutation: You have a somewhat thin skeletal structure (Dex +2, Stealth). [potion of cure mutation]
  3214 | D        | Noticed a deep troll
  3214 | D        | Noticed a swamp drake
  3215 | D        | Noticed an orc knight
  3215 | D        | Noticed an orc knight
  3215 | D        | Noticed an orc knight
  3215 | D        | Noticed an orc warlord
  3215 | D        | Noticed an orc warlord
  3215 | D        | Noticed an orc knight
  3216 | D        | Noticed an orc knight
  3219 | D        | Killed a swamp drake
  3224 | D        | Noticed an orc knight
  3226 | D        | Killed a deep troll
  3227 | D        | Noticed a vault guard
  3227 | D        | Noticed an orc knight
  3228 | D        | Noticed an orc knight
  3232 | D        | Killed an orc knight
  3236 | D        | Noticed a yaktaur
  3237 | D        | Noticed a chaos spawn
  3240 | D        | Killed an orc knight
  3243 | D        | Noticed a naga warrior
  3253 | D        | Killed an orc knight
  3263 | D        | Killed an orc warlord
  3263 | D        | Received a gift from Okawaru
  3274 | D        | Killed an orc warlord
  3276 | D        | Killed a chaos spawn
  3280 | D        | Killed a naga warrior
  3283 | D        | Killed a yaktaur
  3291 | D        | Killed an orc knight
  3298 | D        | Killed an orc knight
  3302 | D        | Killed an orc knight
  3302 | D        | Reached skill level 15 in Fighting
  3315 | D        | Killed a vault guard
  3326 | D        | Killed an orc knight
  3326 | D        | Reached skill level 20 in Shields
  3330 | D        | Killed an orc knight
  3523 | D        | Noticed a deep elf knight
  3523 | D        | Noticed a naga warrior
  3524 | D        | Noticed a deep elf priest
  3524 | D        | Noticed a deep elf knight
  3524 | D        | Noticed a shadow dragon
  3525 | D        | Noticed a deep elf knight
  3528 | D        | Noticed a naga warrior
  3529 | D        | Killed a deep elf knight
  3536 | D        | Killed a deep elf knight
  3545 | D        | Killed a shadow dragon
  3545 | D        | Received a gift from Okawaru
  3547 | D        | Killed a deep elf priest
  3565 | D        | Killed a naga warrior
  3570 | D        | Killed a naga warrior
  3574 | D        | Killed a deep elf knight
  3859 | D        | Noticed a yaktaur captain
  3859 | D        | Noticed a yaktaur
  3860 | D        | Noticed a yaktaur
  3860 | D        | Noticed a yaktaur
  3860 | D        | Noticed a halberd of protection
  3862 | D        | Noticed a deep elf knight
  3863 | D        | Noticed a yaktaur captain
  3864 | D        | Killed a halberd of protection
  3866 | D        | Killed a yaktaur
  3870 | D        | Killed a deep elf knight
  3873 | D        | Killed a yaktaur
  3876 | D        | Killed a yaktaur
  3880 | D        | Killed a yaktaur captain
  3880 | D        | Reached XP level 14. HP: 134/136 MP: 16/22
  3887 | D        | Killed a yaktaur captain
  4046 | D        | Noticed a tentacled monstrosity
  4053 | D        | Killed a tentacled monstrosity
  4053 | D        | Reached skill level 21 in Shields
  4057 | D        | Noticed a green death
  4061 | D        | Killed a green death
  4063 | D        | Noticed an orb of fire
  4079 | D        | Killed an orb of fire
  4328 | D        | Noticed Louise
  4334 | D        | Killed Louise
  4344 | D        | Noticed a Brimstone Fiend
  4351 | D        | Killed a Brimstone Fiend
  4351 | D        | Received a gift from Okawaru
  4351 | D        | Reached skill level 15 in Dodging
  4352 | D        | Got an encrusted great mace {god gift}
  4356 | D        | Noticed a storm dragon
  4361 | D        | Killed a storm dragon
  4364 | D        | Noticed Soisaola the pandemonium lord
  4364 | D        | Noticed a spriggan air mage
  4364 | D        | Noticed a Brimstone Fiend
  4364 | D        | Noticed a neqoxec
  4364 | D        | Noticed a vault guard
  4364 | D        | Noticed a blizzard demon
  4364 | D        | Noticed an orb of fire
  4374 | D        | Gained mutation: Armour fits poorly on your strangely shaped body. [an orb of fire]
  4376 | D        | Paralysed by a giant eyeball for 3 turns
  4377 | D        | HP: 4/138 [orb of fire/fireball (34)]
  4378 | D        | Killed from afar by an orb of fire

Vault maps used:
D:        pitsprint

Action                   |  1- 3 |  4- 6 |  7- 9 | 10-12 | 13-15 || total
-------------------------+-------+-------+-------+-------+-------++-------
Melee: Flail             |     2 |       |       |       |       ||     2
       Mace              |       |    63 |    72 |       |       ||   135
       Morningstar       |       |       |    28 |   391 |   258 ||   677
Invok: Heroism           |       |       |     5 |     6 |     5 ||    16
       Finesse           |       |       |       |     6 |     5 ||    11
  Use: Potion            |       |       |       |     8 |     2 ||    10
       Scroll            |       |       |       |     8 |       ||     8
  Eat: Chunk             |       |       |     3 |     9 |     1 ||    13
       Bread ration      |       |       |       |     1 |     1 ||     2
